ESL (28 & UNDER)
WILMINGTON REBELS @ PENQUANNOCK OVERRATED JETER
05/25/2029
 
TOP OF THE 1ST
Wilmington Rebels batting - Pitching for Penquannock Overrated Jeter : RHP César Villanueva
Pitching: RHP César Villanueva
Batting: LHB Miguel Medellín 0-0: Called Strike
0-1: Ball
1-1: Swinging Strike
1-2: Ball
2-2: Foul Ball, location: 2F
2-2: Foul Ball, location: 2F
2-2: Ball
3-2: Base on Balls
Batting: RHB Marlon Hernández 0-0: Foul Ball, location: 2F
0-1: Fly out, F6 (Line Drive, 56D)
Batting: LHB Guillermo Santos 0-0: Ball
1-0: SINGLE (Groundball, 3D)
Miguel Medellín to second
Runner from 2nd tries for 3rd, SAFE, no throw
Batting: LHB Juan Vásquez 0-0: Hit by Pitch
Guillermo Santos to second
Batting: LHB Marv Alexander 0-0: Called Strike
0-1: Swinging Strike
Passed Ball!
Miguel Medellín scores
Guillermo Santos to third
Juan Vásquez to second
0-2: Ball
1-2: Ball
2-2: Strikes out swinging
Batting: RHB Anastasio Movonda 0-0: Ball
1-0: Ball
2-0: Called Strike
2-1: Swinging Strike
2-2: Ground out 6-3 (Groundball, 6)
Top of the 1st over - 1 run, 1 hit, 0 errors, 2 left on base; Wilmington 1 - Penquannock 0
BOTTOM OF THE 1ST
Penquannock Overrated Jeter batting - Pitching for Wilmington Rebels : RHP Gabriel Castillo
Pitching: RHP Gabriel Castillo
Batting: RHB Gary Wyatt 0-0: Called Strike
0-1: Fly out, F7 (Flyball, 78S)
Batting: RHB Alberto Campos 0-0: Ball
1-0: Swinging Strike
1-1: Ground out 4-3 (Groundball, 4)
Batting: LHB Félix Costa 0-0: Ball
1-0: Foul Ball, location: 2F
1-1: Called Strike
1-2: Ball
2-2: Ball
3-2: Fly out, F9 (Flyball, 89D)
Bottom of the 1st over - 0 runs, 0 hits, 0 errors, 0 left on base; Wilmington 1 - Penquannock 0
TOP OF THE 2ND
Wilmington Rebels batting - Pitching for Penquannock Overrated Jeter : RHP César Villanueva
Batting: LHB Seth Sullivan 0-0: SINGLE (Groundball, 6MS) (infield hit)
Batting: RHB Eugene Allen 0-0: Foul Ball, location: 2F
0-1: Foul Ball, location: 2F
0-2: Ball
1-2: Strikes out swinging
Batting: RHB José Fajardo 0-0: Ball
1-0: Called Strike
1-1: Ball
2-1: Fly out, F7 (Flyball, 7LD)
Batting: LHB Miguel Medellín 0-0: Ball
1-0: Called Strike
1-1: Foul Ball, location: 2F
1-2: Ball
2-2: Foul Ball, location: 2F
2-2: Ball
3-2: Strikes out looking
Top of the 2nd over - 0 runs, 1 hit, 0 errors, 1 left on base; Wilmington 1 - Penquannock 0
BOTTOM OF THE 2ND
Penquannock Overrated Jeter batting - Pitching for Wilmington Rebels : RHP Gabriel Castillo
Batting: SHB Cristián López 0-0: Ball
1-0: Ball
2-0: Ball
3-0: Base on Balls
Batting: LHB Pete Weber 0-0: Ball
1-0: Ball
2-0: Ball
3-0: Called Strike
3-1: Fielders Choice at 2nd, 6-4 (Groundball, 6)
Batting: LHB Eric Powell 0-0: Ball
1-0: Foul Ball, location: 2F
1-1: Fly out, F8 (Flyball, 8RD)
Batting: LHB Pepe González 0-0: Ball
1-0: Ball
2-0: Ball
3-0: Called Strike
3-1: Base on Balls
Pete Weber to second
Batting: RHB Phil Wright 0-0: Ball
1-0: Ground out 6-3 (Groundball, 6S)
Bottom of the 2nd over - 0 runs, 0 hits, 0 errors, 2 left on base; Wilmington 1 - Penquannock 0
TOP OF THE 3RD
Wilmington Rebels batting - Pitching for Penquannock Overrated Jeter : RHP César Villanueva
Batting: RHB Marlon Hernández 0-0: Foul Ball, location: 2F
0-1: Called Strike
0-2: Foul Ball, location: 2F
0-2: Strikes out swinging
Batting: LHB Guillermo Santos 0-0: Ground out 4-3 (Groundball, 4)
Batting: LHB Juan Vásquez 0-0: SINGLE (Line Drive, 6MD)
Batting: LHB Marv Alexander 0-0: Ball
1-0: Called Strike
1-1: Hit by Pitch
Juan Vásquez to second
Batting: RHB Anastasio Movonda 0-0: Ball
1-0: Called Strike
1-1: Foul Ball, location: 2F
1-2: Ball
2-2: SINGLE (Line Drive, 4D)
Juan Vásquez to third
Marv Alexander to second
Runner from 3rd tries for Home, SAFE, no throw
Pitching: RHP Javier Moreno
Batting: LHB Seth Sullivan 0-0: Ball
1-0: Swinging Strike
1-1: Ground out 4-3 (Groundball, 4S)
Top of the 3rd over - 1 run, 2 hits, 0 errors, 2 left on base; Wilmington 2 - Penquannock 0
BOTTOM OF THE 3RD
Penquannock Overrated Jeter batting - Pitching for Wilmington Rebels : RHP Gabriel Castillo
Batting: LHB Roberto Trujillo 0-0: Foul Ball, location: 2F
0-1: Ball
1-1: Swinging Strike
1-2: Fly out, F6 (Popup, 6M)
Batting: RHB Gary Wyatt 0-0: Called Strike
0-1: Foul Ball, location: 2F
0-2: Foul Ball, location: 2F
0-2: Strikes out swinging
Batting: RHB Alberto Campos 0-0: Called Strike
0-1: Ball
1-1: Ground out 6-3 (Groundball, 6)
Bottom of the 3rd over - 0 runs, 0 hits, 0 errors, 0 left on base; Wilmington 2 - Penquannock 0
TOP OF THE 4TH
Wilmington Rebels batting - Pitching for Penquannock Overrated Jeter : RHP Javier Moreno
Batting: RHB Eugene Allen 0-0: Ball
1-0: Ball
2-0: Called Strike
2-1: Foul Ball, location: 2F
2-2: SINGLE (Groundball, 6MD)
Batting: RHB José Fajardo 0-0: Ball
1-0: Foul Ball, location: 2F
1-1: Ball
2-1: Swinging Strike
2-2: Foul Ball, location: 2F
2-2: Ball
3-2: Strikes out swinging
Batting: LHB Miguel Medellín 0-0: Fielders Choice at 2nd, 6-4 (Groundball, 6)
Batting: RHB Marlon Hernández 0-0: Ball
1-0: Called Strike
1-1: Ball
Miguel Medellín is caught stealing 2nd base
Top of the 4th over - 0 runs, 1 hit, 0 errors, 0 left on base; Wilmington 2 - Penquannock 0
BOTTOM OF THE 4TH
Penquannock Overrated Jeter batting - Pitching for Wilmington Rebels : RHP Gabriel Castillo
Batting: LHB Félix Costa 0-0: Ball
1-0: Foul Ball, location: 2F
1-1: Fly out, F6 (Line Drive, 6)
Batting: SHB Cristián López 0-0: Called Strike
0-1: Ground out 6-3 (Groundball, 6S)
Batting: LHB Pete Weber 0-0: Ground out 4-3 (Groundball, 4D)
Bottom of the 4th over - 0 runs, 0 hits, 0 errors, 0 left on base; Wilmington 2 - Penquannock 0
TOP OF THE 5TH
Wilmington Rebels batting - Pitching for Penquannock Overrated Jeter : RHP Javier Moreno
Batting: RHB Marlon Hernández 0-0: Ball
1-0: Fly out, F4 (Popup, 4D)
Batting: LHB Guillermo Santos 0-0: Fly out, F3 (Popup, 3L)
Batting: LHB Juan Vásquez 0-0: Ball
1-0: Ball
2-0: Ground out 5-3 (Groundball, 56S)
Top of the 5th over - 0 runs, 0 hits, 0 errors, 0 left on base; Wilmington 2 - Penquannock 0
BOTTOM OF THE 5TH
Penquannock Overrated Jeter batting - Pitching for Wilmington Rebels : RHP Gabriel Castillo
Batting: LHB Eric Powell 0-0: Ball
1-0: SINGLE (Groundball, 3D)
Batting: LHB Pepe González 0-0: Ball
1-0: Ball
2-0: Called Strike
2-1: SINGLE (Groundball, P) (infield hit)
Eric Powell to second
Pinch Runner at 1st Francisco Ávila:
Batting: RHB Phil Wright 0-0: Foul Ball, location: 2F
0-1: Foul Ball, location: 2F
0-2: Ball
1-2: Strikes out swinging
Batting: LHB Roberto Trujillo 0-0: Foul Ball, location: 2F
0-1: Ball
1-1: SINGLE (Flyball, 89S)
Eric Powell to third
Francisco Ávila to second
Runner from 3rd tries for Home, SAFE, no throw
Batting: RHB Gary Wyatt 0-0: Ball
1-0: Swinging Strike
1-1: Called Strike
1-2: Ball
2-2: SINGLE (Groundball, 34S) (infield hit)
Francisco Ávila to third
Roberto Trujillo to second
Batting: RHB Alberto Campos 0-0: Ball
1-0: Called Strike
1-1: Ball
2-1: Fly out, F4 (Popup, 34S)
Batting: LHB Félix Costa 0-0: Ball
1-0: Fielders Choice at 2nd, 6-4 (Groundball, 6)
Bottom of the 5th over - 1 run, 4 hits, 0 errors, 3 left on base; Wilmington 2 - Penquannock 1
TOP OF THE 6TH
Wilmington Rebels batting - Pitching for Penquannock Overrated Jeter : RHP Javier Moreno
Now in LF: Francisco Ávila
Batting: LHB Marv Alexander 0-0: Called Strike
0-1: Foul Ball, location: 2F
0-2: SINGLE (Groundball, 4M) (infield hit)
Batting: RHB Anastasio Movonda 0-0: Ball
1-0: Swinging Strike
1-1: Fly out, F9 (Flyball, 9D)
Batting: LHB Seth Sullivan 0-0: Ball
Marv Alexander is caught stealing 2nd base
1-0: Foul Ball, location: 2F
1-1: Ground out 3-1 (Groundball, 34)
Top of the 6th over - 0 runs, 1 hit, 0 errors, 0 left on base; Wilmington 2 - Penquannock 1
BOTTOM OF THE 6TH
Penquannock Overrated Jeter batting - Pitching for Wilmington Rebels : RHP Gabriel Castillo
Batting: SHB Cristián López 0-0: Foul Ball, location: 2F
0-1: Ball
1-1: Ball
2-1: Ball
3-1: Base on Balls
Batting: LHB Pete Weber 0-0: 2-RUN HOME RUN (Line Drive, 9D), Distance : 371 ft
Batting: LHB Eric Powell 0-0: Ball
1-0: Foul Ball, location: 2F
1-1: Fly out, F9 (Line Drive, 9)
Batting: SHB Francisco Ávila 0-0: SOLO HOME RUN (Flyball, 7D), Distance : 381 ft
Batting: RHB Phil Wright 0-0: Foul Ball, location: 2F
0-1: SINGLE (Line Drive, 3D)
Batting: LHB Roberto Trujillo 0-0: Ball
1-0: Called Strike
1-1: Ball
2-1: Foul Ball, location: 2F
2-2: Ball
3-2: Grounds into double play, 4-6-3 (Groundball, 4)
Bottom of the 6th over - 3 runs, 3 hits, 0 errors, 0 left on base; Wilmington 2 - Penquannock 4
TOP OF THE 7TH
Wilmington Rebels batting - Pitching for Penquannock Overrated Jeter : RHP Javier Moreno
Pitching: RHP Dustin Lynch
Batting: RHB Eugene Allen 0-0: Swinging Strike
0-1: Reached on error, E9 (Flyball, 9D)
Batting: RHB José Fajardo 0-0: Called Strike
0-1: Ball
1-1: Called Strike
1-2: SINGLE (Flyball, 9LM)
Eugene Allen to second
Runner from 2nd tries for 3rd, SAFE, no throw
Batting: LHB Miguel Medellín 0-0: Ball
1-0: Called Strike
1-1: SINGLE (Groundball, 6D)
Eugene Allen scores
José Fajardo to second
Pinch Hitting: LHB Marv Gardner 0-0: Foul Ball, location: 2F
0-1: Ball
1-1: SINGLE (Groundball, 34D)
José Fajardo to third
Miguel Medellín to second
Batting: LHB Guillermo Santos 0-0: Ball
1-0: Grounds into double play, 3-2-3 (Groundball, 3)
Miguel Medellín to third
Marv Gardner to second
Batting: LHB Juan Vásquez 0-0: Ball
1-0: Ground out U3 (Groundball, 3)
Top of the 7th over - 1 run, 3 hits, 1 error, 2 left on base; Wilmington 3 - Penquannock 4
BOTTOM OF THE 7TH
Penquannock Overrated Jeter batting - Pitching for Wilmington Rebels : RHP Gabriel Castillo
Pitching: LHP Brian Hodges
Now at 3B: Marv Gardner
Batting: RHB Gary Wyatt 0-0: Called Strike
0-1: Called Strike
0-2: Ball
1-2: Ground out 6-3 (Groundball, 6)
Batting: RHB Alberto Campos 0-0: Called Strike
0-1: Ball
1-1: Ball
2-1: Foul Ball, location: 2F
2-2: Foul Ball, location: 2F
2-2: Strikes out swinging
Batting: LHB Félix Costa 0-0: Ball
1-0: Ball
2-0: Ball
3-0: Called Strike
3-1: Fly out, F4 (Line Drive, 4)
Bottom of the 7th over - 0 runs, 0 hits, 0 errors, 0 left on base; Wilmington 3 - Penquannock 4
TOP OF THE 8TH
Wilmington Rebels batting - Pitching for Penquannock Overrated Jeter : RHP Dustin Lynch
Batting: LHB Marv Alexander 0-0: Ball
1-0: Called Strike
1-1: Foul Ball, location: 2F
1-2: Foul Ball, location: 2F
1-2: Ball
2-2: Strikes out swinging
Batting: RHB Anastasio Movonda 0-0: Called Strike
0-1: Ball
1-1: Ball
2-1: Ball
3-1: Base on Balls
Batting: LHB Seth Sullivan 0-0: Called Strike
0-1: Called Strike
0-2: Strikes out swinging
Batting: RHB Eugene Allen 0-0: Ball
1-0: Ball
2-0: Called Strike
2-1: Foul Ball, location: 2F
2-2: Strikes out looking
Top of the 8th over - 0 runs, 0 hits, 0 errors, 1 left on base; Wilmington 3 - Penquannock 4
BOTTOM OF THE 8TH
Penquannock Overrated Jeter batting - Pitching for Wilmington Rebels : LHP Brian Hodges
Batting: SHB Cristián López 0-0: Called Strike
0-1: Ground out 1-3 (Groundball, 13)
Batting: LHB Pete Weber 0-0: Called Strike
0-1: Foul Ball, location: 2F
0-2: Strikes out looking
Batting: LHB Eric Powell 0-0: Ball
1-0: Swinging Strike
1-1: Ball
2-1: Foul Ball, location: 2F
2-2: SINGLE (Flyball, 9LM)
Pinch Hitting: RHB Bernardo Enríquez 0-0: Called Strike
0-1: Ball
1-1: Called Strike
1-2: Ball
2-2: Strikes out looking
Bottom of the 8th over - 0 runs, 1 hit, 0 errors, 1 left on base; Wilmington 3 - Penquannock 4
TOP OF THE 9TH
Wilmington Rebels batting - Pitching for Penquannock Overrated Jeter : RHP Dustin Lynch
Now in LF: Matt Reese
Pinch Hitting: RHB Sergio Moreno 0-0: Called Strike
0-1: Swinging Strike
0-2: Strikes out looking
Batting: LHB Miguel Medellín 0-0: Ball
1-0: Fly out, F9 (Flyball, 89D)
Batting: LHB Marv Gardner 0-0: Called Strike
0-1: Swinging Strike
0-2: Ground out 4-3 (Groundball, 4)
Top of the 9th over - 0 runs, 0 hits, 0 errors, 0 left on base; Wilmington 3 - Penquannock 4
Saturday, December 16th, 2017 - OOTP Baseball 18.8 Build 76